 Dungeon Crawl Stone Soup version 0.30-a0-913-g9934a0ce24 (webtiles) character file.

Game seed: 9719144199197827426

1309 a11behringer the Ruffian (level 8, -8/66 HPs)
             Began as a Grey Draconian Transmuter on Mar 19, 2023.
             Mangled by a shadow (10 damage)
             ... on level 9 of the Dungeon.
             The game lasted 00:19:23 (5309 turns).

a11behringer the Ruffian (DrTm)                     Turns: 5309, Time: 00:19:23

Health: -8/66      AC: 14    Str: 14    XL:     8   Next: 32%
Magic:  13/13      EV: 12    Int: 15    God:
Gold:   558        SH:  0    Dex: 11    Spells: 8/14 levels left

rFire   . . .      SeeInvis .      - Unarmed
rCold   . . .      Faith    .    (no shield)
rNeg    . . .      Spirit   .    (body armour unavailable)
rPois   .          Reflect  .    (helmet currently unavailable)
rElec   .          Rampage  .    q - +1 cloak
rCorr   .                        f - +0 pair of gloves
Will    .....                    (boots currently unavailable)
Stlth   ++                       (no amulet)
HPRegen 0.31/turn                (no ring)
MPRegen 0.13/turn                (no ring)

@: mighty, appendages (expiring)
A: horns 2, talons 2, AC +11, amphibious, unfitting armour, cold-blooded
a: End Transformation


You were on level 9 of the Dungeon.
You had temporarily grown beastly horns and talons.
You visited 1 branch of the dungeon, and saw 7 of its levels.
You also visited: Ossuary.

You collected 558 gold pieces.

Inventory:

Hand Weapons
 r - a +4 quarterstaff of chaos
Missiles
 c - 2 throwing nets
Armour
 f - a +0 pair of gloves (worn)
 q - a +1 cloak (worn)
Magical Staves
 k - a staff of cold
Jewellery
 i - a ring of resist corrosion
Scrolls
 n - a scroll of immolation
 p - a scroll of poison
Potions
 a - 3 potions of lignification
 b - 3 potions of curing
 e - a potion of might
 g - a potion of flight {unknown}
 h - a potion of invisibility
 l - a potion of haste
 m - a potion of heal wounds {unknown}
 s - a potion of brilliance
 u - a potion of degeneration
 x - 2 potions of cancellation


   Skills:
 + Level 3.7 Fighting
 + Level 3.5 Dodging
 + Level 3.0 Stealth
 * Level 5.7 Unarmed Combat
 + Level 3.7 Spellcasting
 * Level 5.4 Transmutations
 + Level 2.3 Earth Magic


You had 8 spell levels left.
You knew the following spells:

 Your Spells              Type           Power      Damage    Failure   Level
a - Beastly Appendage     Tmut           38%        N/A       1%          1
b - Wereblood             Tmut           19%        N/A       3%          2
c - Passwall              Tmut/Erth      11%        N/A       6%          2
d - Sandblast             Erth           18%        2d7       8%          1

Your spell library contained the following spells:

 Spells                   Type           Power      Damage    Failure   Level
 Spider Form              Tmut/Pois      10%        N/A       19%         3
 Stone Arrow              Conj/Erth      12%        3d7       34%         3
 Tukima's Dance           Hex            2%         N/A       50%         3
 Ice Form                 Ice/Tmut       10%        N/A       52%         4
 Yara's Violent Unravell  Hex/Tmut       5%         3d4       86%         5
 Passage of Golubria      Tloc           2%         N/A       88%         4


Dungeon Overview and Level Annotations

Branches:
Dungeon (6/15)            Ossuary (visited)
 Temple: D:4-7

Altars:
Elyvilon
Uskayaw
Vehumet

Shops:
D:2 (*(*


Innate Abilities, Weirdness & Mutations

You have temporarily grown beastly horns and talons.
Your dull iron-grey scales are very hard. (AC +11)
You are amphibious.
You cannot fit into any form of body armour.
You are cold-blooded and may be slowed by cold attacks.


Message History

The orc hits you but does no damage.
The orc warrior hits you but does no damage.
The orc barely misses you.
You hit the orc warrior but do no damage.
You headbutt the orc warrior, but do no damage.
The orc warrior is heavily wounded.
The orc hits you but does no damage. The orc warrior barely misses you.
The orc hits you with a +0 flail.
* * * LOW HITPOINT WARNING * * *
You punch the orc warrior!
You headbutt the orc warrior, but do no damage.
The orc warrior is severely wounded.
The orc closely misses you.
The orc warrior hits you with a +0 war axe!
* * * LOW HITPOINT WARNING * * *
The orc barely misses you.
You hit the orc warrior but do no damage.
You claw the orc warrior, but do no damage.
The orc warrior is severely wounded.
The orc closely misses you.
The orc warrior hits you but does no damage.
The orc misses you.
Unknown command.
You feel better. The orc hits you with a +0 flail.
* * * LOW HITPOINT WARNING * * *
The orc warrior hits you but does no damage.
The orc hits you but does no damage.
You feel very mighty all of a sudden.
Your transformation is almost over.
The orc warrior closely misses you. The orc hits you but does no damage.
The orc hits you with a +0 flail.
* * * LOW HITPOINT WARNING * * *
You completely miss the orc warrior.
You claw the orc warrior, but do no damage.
You tail-slap the orc warrior!
You kill the orc warrior!
The orc closely misses you. The orc barely misses you.
Your Stealth skill increases to level 3!
You miss something.
The shadow strikes at you from the darkness!
You die...

####### ##..##.##
#.......#
####......#
##.#.......## ###
#.oo........# ##.#
#.@).#......####...
##.####..o.....#!..
### #...#o.......
#...#.....#.#
##....o.....#
#...........
##..###..... ......
...... ..#..
..o.#.#


You could see 2 orcs.

Vanquished Creatures
  Sigmund (D:6)
  An orc warrior (D:9)
  2 ice beasts (D:5)
  A black bear (D:6)
  A phantom (D:4)
  A kobold brigand (D:6)
  A scorpion (D:3)
  A centaur zombie (Ossuary)
  A hound (D:4)
  A human zombie (Ossuary)
  4 orc priests
  Crazy Yiuf (D:2)
  A sleepcap (D:4)
  An iguana (D:4)
  Terence (D:3)
  An orc wizard (D:4)
  A statue (D:5)
  2 mummies (Ossuary)
  Robin (D:2)
  4 adders
  An ufetubus (D:5)
  2 worms
  2 dart slugs
  16 orcs
  4 ball pythons
  3 bats
  6 endoplasms
  A giant cockroach (D:4)
  11 goblins
  16 hobgoblins
  13 kobolds
  2 quokkas
  3 frilled lizards
  3 gnoll zombies (Ossuary)
  3 goblin zombies
  7 hobgoblin zombies (Ossuary)
  8 rats
  A rat zombie (D:4)
130 creatures vanquished.

Notes
Turn   | Place    | Note
-------+----------+-------------------------------------------
     0 | D:1      | a11behringer the Draconian Transmuter began the quest for
                  | the Orb.
     0 | D:1      | Reached XP level 1. HP: 16/16 MP: 3/3
   293 | D:1      | Reached XP level 2. HP: 23/23 MP: 5/5
   837 | D:2      | Noticed Robin
   916 | D:2      | Killed Robin
   917 | D:2      | Reached XP level 3. HP: 16/28 MP: 4/6
  1036 | D:2      | Found Genuoquc's Antique Weapon Boutique.
  1055 | D:2      | Found a runed translucent door.
  1056 | D:2      | Noticed Crazy Yiuf
  1127 | D:2      | Found Dacoab's General Store.
  1139 | D:2      | Learned a level 2 spell: Wereblood
  1142 | D:2      | Learned a level 2 spell: Passwall
  1179 | D:2      | Found Pocyenepu's Assorted Antiques.
  1375 | D:2      | Found Ebyfas's Weapon Boutique.
  1723 | D:2      | Killed Crazy Yiuf
  1724 | D:2      | Reached skill level 1 in Stealth
  1724 | D:2      | Reached XP level 4. HP: 12/36 MP: 0/7
  1858 | D:3      | Found a white marble altar of Elyvilon.
  2122 | D:3      | Noticed a scorpion
  2132 | D:3      | Killed a scorpion
  2133 | D:3      | Reached XP level 5. HP: 27/41 MP: 6/8
  2519 | D:3      | Noticed Terence
  2545 | D:3      | Killed Terence
  2974 | D:4      | Noticed a phantom
  2984 | D:4      | Killed a phantom
  2985 | D:4      | Reached XP level 6. HP: 49/50 MP: 10/10
  3241 | D:4      | Found a sand-covered staircase.
  3252 | Ossuary  | Entered an ossuary
  3502 | D:4      | Your scales start taking on a dull iron-grey colour.
  3502 | D:4      | Reached XP level 7. HP: 22/56 MP: 11/11
  3630 | D:4      | Learned a level 1 spell: Sandblast
  4135 | D:5      | Entered Level 5 of the Dungeon
  4267 | D:5      | Reached skill level 5 in Unarmed Combat
  4267 | D:5      | Reached skill level 1 in Earth Magic
  4469 | D:5      | Found a hide-covered altar of Uskayaw.
  4963 | D:5      | Found a radiant altar of Vehumet.
  5163 | D:6      | Noticed Sigmund
  5177 | D:6      | Killed Sigmund
  5178 | D:6      | Reached skill level 5 in Transmutations
  5178 | D:6      | Reached XP level 8. HP: 63/63 MP: 13/13
  5264 | D:6      | You fall into a shaft and drop 3 floors!
  5304 | D:9      | HP: 1/64 [orc warrior/+0 war axe (10)]
  5309 | D:9      | Mangled by a shadow

Illustrated notes

Levels and vault maps discovered:
D:1:      beargit_arrival_greenhouse, layout_basic
D:2:      layout_loops_ring, serial_shops, nicolae_shop_bloodbath_and_beyond,
          shop_statue, nicolae_lakefront_shop,
          nicolae_shop_temple_entry_statues_fountains, corexii_leaking_fountain,
          minmay_misc_feat_four_crosses, uniq_crazy_yiuf_cottage, uniq_robin
D:3:      layout_basic, mainiacjoe_overflow_cross_hatched, uniq_terence
D:4:      layout_loops_ring, enter_ossuary_4
D:5:      layout_loops_cross, mainiacjoe_overflow_alcove_1, vehumet_statue
D:6:      corexii_shack_village, layout_basic, nicolae_qazlal_eye_of_the_storm,
          lightli_minifort, uniq_blork_the_orc, uniq_sigmund, uniq_maggie
D:9:      layout_cross, mainiacjoe_overflow_six_doors_small, zin_statuary,
          okawaru_metal_pillars_1_2, enter_bailey_2

Skill      XL: |  1  2  3  4  5  6  7  8 |
---------------+-------------------------+-----
Dodging        | 2 3 |  3.5
Stealth        | 1 2 3 |  3.0
Transmutations | 3 4 5 |  5.4
Fighting       | 2 3 |  3.7
Unarmed Combat | 4 5 |  5.7
Spellcasting   | 3 |  3.7
Earth Magic    | 1 2 |  2.3

Action                     |  1- 3 |  4- 6 |  7- 9 || total
---------------------------+-------+-------+-------++-------
  Melee: Unarmed           |   110 |   268 |   214 ||   592
         Kick              |    10 |    32 |    28 ||    70
         Headbutt          |    10 |    19 |    17 ||    46
         Tailslap          |    14 |    31 |    24 ||    69
         Punch             |     4 |     6 |     9 ||    19
   Cast: Beastly Appendage |     8 |     8 |     5 ||    21
         Wereblood         |       |     2 |     1 ||     3
    Use: Scroll            |       |    10 |     5 ||    15
         Potion            |       |       |     2 ||     2
   Stab: Sleeping          |     2 |     2 |     2 ||     6
         Distracted        |       |       |     1 ||     1
 Armour: Skin              |    28 |   108 |   112 ||   248
  Dodge: Dodged            |    63 |   147 |   149 ||   359

Table legend: (Time is in decaauts)
 A = Elapsed time spent in this place.
 B = Non-inter-level travel time spent in this place.
 C = Inter-level travel time spent in this place.
 D = Time resting spent in this place.
 E = Time spent auto-exploring this place.
 F = Levels seen in this place.
 G = Mean time per level.
                   A        B        C        D        E       F      G
               +--------+--------+--------+--------+--------+-----+--------+
         Total |   5261 |   4866 |    395 |      0 |   3812 |   8 |  657.6 |
       Dungeon |   5082 |   4687 |    395 |      0 |   3712 |   7 |  726.0 |
       Ossuary |    178 |    178 |      0 |      0 |    100 |   1 |  178.0 |
               +--------+--------+--------+--------+--------+-----+--------+

Top non-repeatable levels by time:
     D:3: 1082 daAuts
     D:2: 1013 daAuts
     D:5: 990 daAuts
     D:4: 988 daAuts
     D:1: 839 daAuts
 Ossuary: 178 daAuts
     D:6: 126 daAuts
     D:9: 42 daAuts
